 Dungeon Crawl Stone Soup version 0.25-a0-890-g62861fb195 (webtiles) character file.

Game seed: 668531321565307337, levelgen mode: deterministic

144 Hasart the Magician (level 5, -8/42 HPs)
             Began as a Deep Elf Wizard on May 2, 2020.
             Mangled by Eustachio
             ... wielding a +5 rapier of electrocution
              (10 damage)
             ... on level 4 of the Dungeon.
             The game lasted 00:06:19 (3011 turns).

Hasart the Magician (Deep Elf Wizard)               Turns: 3011, Time: 00:06:20

Health: -8/42      AC:  3    Str:  4    XL:     5   Next: 5%
Magic:  14/14      EV: 13    Int: 24    God:
Gold:   175        SH:  0    Dex: 13    Spells: 6/14 levels left

rFire    + . .     SeeInvis .   n - +3 short sword
rCold    + . .     Gourm    .   (no shield)
rNeg     + . .     Faith    .   a - +0 robe
rPois    +         Spirit   .   b - +0 hat
rElec    +         Reflect  .   (no cloak)
rCorr    +         Harm     .   (no gloves)
MR       .....                  t - +0 pair of boots
Stlth    ..........             (no amulet)
HPRegen  0.14/turn              v - ring of positive energy
MPRegen  0.14/turn              (no ring)

@: berserking, lethally poisoned (-8 -> -14), resistant, stab, very slightly
contaminated, very quick
A: no striking features
a: no special abilities


You were on level 4 of the Dungeon.
You were not hungry.

You visited 1 branch of the dungeon, and saw 4 of its levels.

You collected 175 gold pieces.

Inventory:

Hand Weapons
 n - a +3 short sword (weapon)
Armour
 a - a +0 robe (worn)
 b - a +0 hat (worn)
 t - a +0 pair of boots (worn)
Jewellery
 v - a ring of positive energy (left hand)
Wands
 p - a wand of scattershot (5)
Scrolls
 c - 4 scrolls of enchant armour {unknown}
 f - a scroll of teleportation {unknown}
 g - a scroll of noise {unknown}
 i - a scroll of identify
 j - 4 scrolls of remove curse
 m - a scroll of amnesia {unknown}
 q - a scroll of immolation {unknown}
 r - a scroll of fog {unknown}
 s - a scroll of fear {unknown}
Potions
 e - a potion of mutation
 u - a potion of might {unknown}
Comestibles
 d - 5 rations


   Skills:
 + Level 3.2 Dodging
 - Level 2.4 Stealth
 + Level 5.1 Spellcasting
 * Level 3.2 Conjurations
 + Level 1.9 Summonings
 + Level 2.0 Translocations
 + Level 0.2 Air Magic
 + Level 0.6 Poison Magic
 + Level 1.2 Evocations


You had 6 spell levels left.
You knew the following spells:

 Your Spells              Type           Power        Failure   Level  Hunger
a - Magic Dart            Conj           ###.         2%          1    None
b - Blink                 Tloc           N/A          6%          2    None
c - Call Imp              Summ           ###.....     6%          2    None
d - Mephitic Cloud        Conj/Pois/Air  ##......     16%         3    ##.....

Your spell library contained the following spells:

 Spells                   Type           Power        Failure   Level  Hunger
 Slow                     Hex            #.......     13%         2    None
 Conjure Flame            Conj/Fire      ##......     14%         3    ##.....


Dungeon Overview and Level Annotations

Branches:
Dungeon (4/15)
 Temple: D:4-7

Altars:
Ashenzari
Cheibriados
Xom

Annotations:
D:3 2 runed translucent doors, Xiguana's ghost, amateur OgVM
D:4 Eustachio


Message History

Your crimson imp barely misses the adder.
The adder bites you but does no damage.
It was a potion of berserk rage.
A red film seems to cover your vision as you go berserk!
You feel yourself moving faster!
You feel mighty!
* * * LOW HITPOINT WARNING * * *
You feel sick. The adder barely misses you.
Your crimson imp barely misses the adder.
You miss the adder.
The adder is severely wounded.
The adder bites you.
* * * LOW HITPOINT WARNING * * *
Your crimson imp closely misses the adder.
Unknown command.
You miss the adder.
The adder is severely wounded.
* * * LOW HITPOINT WARNING * * *
You feel sick. The adder bites you but does no damage.
Eustachio hits you with a +5 rapier of electrocution!
You die...

#. #.#... #. #..# #.#..#
#. #..# #.#..# #. #..#
#..... # #. #..# ###...
#.#. #..# #...
####.#.###..##### #...
......@.##..#... #...
...#.#S@##..#.#######...
.....5.....>..........#.
...#.#.#.##.#.##########
. #.#.#..#.#.# #
#......... ####...#.##
##..#.. #..#.## #..###


You could see Eustachio (confused), an adder and a friendly crimson imp.

Vanquished Creatures
  A howler monkey (D:2)
  5 adders
  A worm (D:2)
  A dart slug (D:2)
  An orc (D:2)
  5 giant cockroaches
  6 goblins
  4 hobgoblins
  8 jackals (D:2)
  7 bats
  3 frilled lizards
  5 kobolds
  6 rats
53 creatures vanquished.

Notes
Turn   | Place    | Note
-------+----------+-------------------------------------------
     0 | D:1      | Hasart the Deep Elf Wizard began the quest for the Orb.
     0 | D:1      | Reached XP level 1. HP: 10/10 MP: 7/7
   454 | D:1      | Reached XP level 2. HP: 15/15 MP: 9/9
   829 | D:1      | Learned a level 2 spell: Blink
   832 | D:1      | Learned a level 2 spell: Call Imp
  1356 | D:2      | Reached XP level 3. HP: 19/19 MP: 2/11
  1891 | D:2      | Reached XP level 4. HP: 24/24 MP: 3/12
  1894 | D:2      | Reached skill level 5 in Spellcasting
  1950 | D:2      | Learned a level 3 spell: Mephitic Cloud
  2259 | D:3      | Found a large runed translucent door.
  2260 | D:3      | Found a large runed translucent door.
  2263 | D:3      | Noticed Xiguana's ghost (amateur OgVM)
  2292 | D:3      | Reached skill level 1 in Evocations
  2778 | D:3      | Found a shimmering altar of Xom.
  2778 | D:3      | Found a shattered altar of Ashenzari.
  2779 | D:3      | Found a snail-covered altar of Cheibriados.
  2985 | D:4      | Reached XP level 5. HP: 28/28 MP: 10/14
  2990 | D:4      | Noticed Eustachio
  3011 | D:4      | HP: 2/42 [poisoned by an adder]
  3011 | D:4      | Mangled by Eustachio

Levels and vault maps discovered:
D:1:      erik_arrival_cave_to_civilisation [erik_arrival_cave_to_temple],
          layout_basic
D:2:      layout_loops_ring
D:3:      layout_loops_cross, nicolae_overflow_hidden_temple, first_ration,
          ebering_ghost_disaster_area, minivault_4
D:4:      layout_basic, serial_shops, nicolae_shop_crystal, uniq_pikel,
          uniq_edmund, uniq_eustachio

Skill      XL: |  1  2  3  4 |
---------------+-------------+-----
Conjurations   | 2 3 |  3.2
Dodging        | 3 |  3.2
Spellcasting   | 5 |  5.1
Evocations     | 1 |  1.2
Translocations | 2 |  2.0
Stealth        | |  2.4
Summonings     | |  1.9
Air Magic      | |  0.2
Poison Magic   | |  0.6

Action                   |  1- 3 |  4- 6 || total
-------------------------+-------+-------++-------
Melee: Hand axe          |     5 |       ||     5
       Short sword       |    10 |    24 ||    34
       Dagger            |     2 |       ||     2
 Cast: Magic Dart        |    76 |    37 ||   113
       Mephitic Cloud    |       |     1 ||     1
       Call Imp          |       |     1 ||     1
  Use: Scroll            |     2 |       ||     2
       Potion            |       |     4 ||     4
 Stab: Sleeping          |     2 |       ||     2
  Eat: Chunk             |     3 |     3 ||     6
Armor: Robe              |    10 |    11 ||    21
Dodge: Dodged            |    28 |    34 ||    62

Table legend:
 A = Non-vault XP
 B = Vault XP
 C = Vault XP percentage of total XP
 D = Non-vault monster count
 E = Vault monster count
 F = Vault count percentage of total count
                 A         B        C        D         E       F
            +---------+---------+-------+---------+---------+-------
      Total |     203 |       3 |   1.5 |      51 |       2 |   3.8
            +---------+---------+-------+---------+---------+-------
        D:1 |      25 |       3 |  10.7 |      16 |       2 |  11.1
        D:2 |     101 |       0 |   0.0 |      24 |       0 |   0.0
        D:3 |      64 |       0 |   0.0 |      10 |       0 |   0.0
        D:4 |      13 |       0 |   0.0 |       1 |       0 |   0.0
            +---------+---------+-------+---------+---------+-------
